 Dungeon Crawl Stone Soup version 0.29-a0-486-ga88943ba61 (webtiles) character file.

Game seed: 14898211229217997445

22 enhard the Sneak (level 2, -1/13 HPs)
             Began as a Spriggan Enchanter on May 26, 2022.
             Slain by a hobgoblin (2 damage)
             ... on level 1 of the Dungeon.
             The game lasted 00:03:06 (695 turns).

enhard the Sneak (Spriggan Enchanter)                Turns: 695, Time: 00:03:06

Health: -1/13      AC:  2    Str:  4    XL:     2   Next: 68%
Magic:  1/7        EV: 17    Int: 22    God:
Gold:   35         SH:  0    Dex: 15    Spells: 6/8 levels left

rFire   . . .      SeeInvis +   a - +1 dagger
rCold   . . .      Faith    .   (no shield)
rNeg    . . .      Spirit   .   b - +0 robe
rPois   .          Reflect  .   (helmet restricted)
rElec   .          Harm     .   (no cloak)
rCorr   .          Rampage  .   (gloves unavailable)
Will    .....                   (boots unavailable)
Stlth   +++.......              (no amulet)
HPRegen 0.04/turn               g - +6 ring of intelligence
MPRegen 0.10/turn               (no ring)

@: mighty, very quick
A: very small, no large weapons, unfitting armour, see invisible, speed 3
a: no special abilities


You were on level 1 of the Dungeon.
You visited 1 branch of the dungeon, and saw 2 of its levels.

You collected 35 gold pieces.

Inventory:

Hand Weapons
 a - a +1 dagger (weapon)
Armour
 b - a +0 robe (worn)
Jewellery
 g - a +6 ring of intelligence (left hand)
Potions
 c - 2 potions of invisibility
 e - a potion of curing {unknown}
 f - a potion of brilliance {unknown}


   Skills:
 - Level 1.1 Short Blades
 - Level 2.6 Dodging
 - Level 4.4 Stealth
 + Level 3.5 Spellcasting
 + Level 4.3 Hexes


You had 6 spell levels left.
You knew the following spells:

 Your Spells              Type           Power      Damage    Failure   Level
a - Ensorcelled Hibernat  Hex/Ice        26%        N/A       8%          2

Your spell library contained the following spells:

 Spells                   Type           Power      Damage    Failure   Level
 Confusing Touch          Hex            22%        N/A       6%          3
 Tukima's Dance           Hex            22%        N/A       6%          3
 Dazzling Flash           Conj/Hex       26%        N/A       14%         3


Dungeon Overview and Level Annotations

Branches:
Dungeon (2/15)

Altars:

Shops:
D:2 *


Innate Abilities, Weirdness & Mutations

You are very small and have problems with some larger weapons.
You are too small for most types of armour.
You have supernaturally acute eyesight. (SInv)
You cover ground extremely quickly. (Speed+++)


Message History

Press: ? - help, Shift-Dir - straight line, f - dart slug
Aim: a dart slug (chance to affect: 64%)
The dart slug resists with significant effort.
The dart slug launches a dart at you. The slug dart misses you.
Unknown command.
Casting: Ensorcelled Hibernation (safe; 8% risk of failure)
Confirm with . or Enter, or press ? or * to list all spells.
Aiming: Ensorcelled Hibernation (safe; 8% risk of failure)
Press: ? - help, Shift-Dir - straight line, f/p - dart slug
Aim: a dart slug (chance to affect: 64%)
The dart slug resists with significant effort.
Unknown command.
Casting: Ensorcelled Hibernation (safe; 8% risk of failure)
Confirm with . or Enter, or press ? or * to list all spells.
Aiming: Ensorcelled Hibernation (safe; 8% risk of failure)
Press: ? - help, Shift-Dir - straight line, f/p - dart slug
Aim: a dart slug (chance to affect: 64%)
The dart slug looks drowsy...
The hobgoblin hits you.
* * * LOW HITPOINT WARNING * * *
Unknown command.
The helpless dart slug fails to defend itself.
You impale the dart slug!!
You kill the dart slug!
The hobgoblin misses you.
Casting: Ensorcelled Hibernation (safe; 8% risk of failure)
Confirm with . or Enter, or press ? or * to list all spells.
You don't have enough magic to cast this spell.
Unknown command.
Unknown command.
Unknown command.
Casting: Ensorcelled Hibernation (safe; 8% risk of failure)
Confirm with . or Enter, or press ? or * to list all spells.
You don't have enough magic to cast this spell.
Unknown command.
Unknown command.
It was a potion of might.
You feel very mighty all of a sudden.
You closely miss the hobgoblin. The hobgoblin hits you.
You die...

###### ### ....# #.#
#..##### #.# ##......#
#.# #.......######.#
##.###$......#......#####
.........................
#...###.####.##.###.####.
........@# #.##.###......
#...###.g# #.##...#......
#. #..# #.####.#......
..?.. ..............
......................
...................†....
...#.....$...........#.#
..........#.####.###.#.#
.#.##.....#.####.###.#.#


You could see a hobgoblin.

Vanquished Creatures
  A dart slug (D:1)
  7 endoplasms (D:1)
  A giant cockroach (D:1)
  2 kobolds (D:1)
  3 ball pythons (D:1)
  A bat (D:1)
  2 frilled lizards (D:1)
  A toadstool (D:1)
18 creatures vanquished.

Vanquished Creatures (others)
  3 toadstools (D:1)
3 creatures vanquished.

Grand Total: 21 creatures vanquished

Notes
Turn   | Place    | Note
-------+----------+-------------------------------------------
     0 | D:1      | enhard the Spriggan Enchanter began the quest for the Orb.
     0 | D:1      | Reached XP level 1. HP: 9/9 MP: 5/5
    59 | D:1      | Found a faded altar of an unknown god.
   164 | D:2      | Found Duirph's Assorted Antiques.
   250 | D:1      | Reached XP level 2. HP: 8/13 MP: 7/7
   295 | D:1      | Learned a level 2 spell: Ensorcelled Hibernation
   695 | D:1      | Slain by a hobgoblin

Illustrated notes

Levels and vault maps discovered:
D:1:      ldierk_water_garden, layout_basic,
          hellmonk_ecumenical_altar_crossroads
D:2:      layout_basic, serial_shops, shop, serial_forest,
          infiniplex_forest_lined_4_way, infiniplex_forest_corner_1,
          infiniplex_forest_straight_2, infiniplex_forest_lined_3,
          infiniplex_forest_clump_cross, infiniplex_forest_end_1,
          infiniplex_forest_corner_1, infiniplex_forest_split,
          infiniplex_forest_corner_2

Skill      XL: |  1 |
---------------+----+-----
Spellcasting   | 3 |  3.5
Hexes          | 4 |  4.3
Short Blades   | |  1.1
Dodging        | |  2.6
Stealth        | |  4.4

Action                   || total
-------------------------++-------
Melee: Dagger            ||    34
 Cast: Ensorcelled Hiber ||     5
  Use: Scroll            ||     2
       Potion            ||     1
 Stab: Sleeping          ||    10
Armor: Robe              ||     4
Dodge: Dodged            ||    41

Table legend: (Time is in decaauts)
 A = Elapsed time spent in this place.
 B = Non-inter-level travel time spent in this place.
 C = Inter-level travel time spent in this place.
 D = Time resting spent in this place.
 E = Time spent auto-exploring this place.
 F = Levels seen in this place.
 G = Mean time per level.
                   A        B        C        D        E       F      G
               +--------+--------+--------+--------+--------+-----+--------+
         Total |    536 |    536 |      0 |    161 |    166 |   2 |  268.0 |
       Dungeon |    536 |    536 |      0 |    161 |    166 |   2 |  268.0 |
               +--------+--------+--------+--------+--------+-----+--------+

Top non-repeatable levels by time:
     D:1: 532 daAuts
     D:2: 4 daAuts
